 Dungeon Crawl Stone Soup version 0.27.1-33-g824d729ab1 (webtiles) character file.

Game seed: 11924166668088329948

5 Atelerd the Digger (level 1, 0/11 HPs)
             Began as an Octopode Earth Elementalist on Dec 22, 2021.
             Slain by a bat (1 damage)
             ... on level 1 of the Dungeon.
             The game lasted 00:00:09 (110 turns).

Atelerd the Digger (Octopode Earth Elementalist)     Turns: 110, Time: 00:00:10

Health: 0/11       AC:  1    Str:  7    XL:     1   Next: 80%
Magic:  0/3        EV: 13    Int: 17    God:
Gold:   0          SH:  0    Dex: 12    Spells: 3/4 levels left

rFire    . . .     SeeInvis .   (no weapon)
rCold    . . .     Faith    .   (no shield)
rNeg     . . .     Spirit   .   (helmet restricted)
rPois    .         Reflect  .   (no amulet)
rElec    .         Harm     .   (no ring)
rCorr    .         Rampage  .   (no ring)
Will     .....                  (no ring)
Stlth    +++.......             (no ring)
HPRegen  0.03/turn              (no ring)
MPRegen  0.08/turn              (no ring)
                                (no ring)
                                (no ring)

@: very slightly contaminated
A: almost no armour, amphibious, 8 rings, camouflage 1, gelatinous body 1,
(nimble swimmer 1), tentacles
a: no special abilities


You were on level 1 of the Dungeon.
You visited 1 branch of the dungeon, and saw 1 of its levels.

Inventory:

Missiles
 b - 26 stones
Scrolls
 a - a scroll of teleportation {unknown}
 c - a scroll of enchant armour {unknown}
 d - a scroll of silence {unknown}


   Skills:
 - Level 2.0 Dodging
 - Level 2.6 Stealth
 + Level 2.1 Spellcasting
 + Level 1.2 Transmutations
 + Level 3.1 Earth Magic


You had 3 spell levels left.
You knew the following spells:

 Your Spells              Type           Power      Damage    Failure   Level
a - Sandblast             Erth           24%        2d8       5%          1

Your spell library contained the following spells:

 Spells                   Type           Power      Damage    Failure   Level
 Passwall                 Tmut/Erth      7%         N/A       12%         2
 Stone Arrow              Conj/Erth      14%        3d7       30%         3
 Petrify                  Tmut/Erth      9%         N/A       61%         4


Dungeon Overview and Level Annotations

Branches:
Dungeon (1/15)

Altars:


Innate Abilities, Weirdness & Mutations

You cannot wear most types of armour.
You are amphibious.
You can wear up to eight rings at the same time.
Your skin changes colour to match your surroundings (Stealth+).
Your rubbery body absorbs attacks. (AC +1, EV +1)
((You are camouflaged near water. (Stealth+)))
You have tentacles for arms and can constrict up to eight enemies at once.


Message History

The dart slug launches a dart at you. The slug dart hits you.
* * * LOW HITPOINT WARNING * * *
There are monsters nearby!
You are too injured to fight recklessly!
You are too injured to fight recklessly!
There are monsters nearby!
You are too injured to fight recklessly!
There are monsters nearby!
You are too injured to fight recklessly!
Unknown command.
You release your grip on the dart slug.
The dart slug launches a dart at you. The slug dart misses you.
Casting: Sandblast (safe; 5% risk of failure)
Confirm with . or Enter, or press ? or * to list all spells.
Aiming: Sandblast (safe; 5% risk of failure)
Press: ? - help, Shift-Dir - straight line, f/p - dart slug
Aim: a dart slug (severely wounded, 100% to hit)
The blast of sand hits the dart slug!
You kill the dart slug!
The bat misses you.
Casting: Sandblast (safe; 5% risk of failure)
Confirm with . or Enter, or press ? or * to list all spells.
You don't have enough magic to cast this spell.
Sorry, you're not good enough to have a special ability.
Casting: Sandblast (safe; 5% risk of failure)
Confirm with . or Enter, or press ? or * to list all spells.
You don't have enough magic to cast this spell.
Sorry, you're not good enough to have a special ability.
Unknown command.
You closely miss the bat. You grab the bat. You constrict the bat.
The bat closely misses you. The bat barely misses you.
You tentacle-slap the bat.
The bat is severely wounded.
You constrict the bat.
You kill the bat!
The bat closely misses you.
The bat misses you. x2; The bat hits you.
You die...

#.####### ###
.........# #..
.....>....# #.# ##
.# ...........#
#.###.#).#
...........#
#.b#†(.#
...........# #.#@#
...........###.#.#
...........'....##
...........###.....#
...........# #.#.###
...........# #.#.#
...........# #.#.#
...........# #.# #
....#'###### #.#


You could see a bat.

Vanquished Creatures
  A dart slug (D:1)
  A ball python (D:1)
  A bat (D:1)
  A frilled lizard (D:1)
4 creatures vanquished.

Notes
Turn   | Place    | Note
-------+----------+-------------------------------------------
     0 | D:1      | Atelerd the Octopode Earth Elementalist began the quest for
                  | the Orb.
     0 | D:1      | Reached XP level 1. HP: 11/11 MP: 3/3
   110 | D:1      | Slain by a bat

Illustrated notes

Levels and vault maps discovered:
D:1:      lightli_arrival_flooded_house, layout_basic,
          shapermc_ecumenical_altar_mp_vishouse, minmay_pentomino_r4

Action                   || total
-------------------------++-------
Melee: Unarmed           ||     4
       Constrict         ||     2
 Cast: Sandblast         ||     4
Dodge: Dodged            ||     8
